Map: Abyssal Reef LE

Players

Yata

  • Race: Zerg Zerg
  • League: Platinum
  • Spawn Location: 5:00

stagflation - Winner!

  • Race: Terran Terran
  • League: Platinum
  • Spawn Location: 11:00

VOD

Have the link to the VOD?

Description

Time

  • Played on: Nov. 8, 2017, 12:16 a.m.
  • Length: 18:16
Show
View Real Time Build Order
Export as new Build Order

Yata Zerg 

Build Orders: Hatch First 

Get SALT Encoding   

  12  0:01  Drone  
  13  0:13  Overlord  
  13  0:17  Drone  
  14  0:31  Drone x2  
  14  0:35  Drone  
  17  0:56  Hatchery, Drone  
  17  0:59  Drone  
  18  1:10  Extractor  
  17  1:16  Spawning Pool  
  17  1:17  Drone  
  17  1:21  Drone  
  18  1:28  Drone  
  19  1:42  Overlord  
  19  1:50  Drone  
  20  1:58  Evolution Chamber  
  20  2:00  Drone  
  20  2:08  Queen  
  20  2:11  Queen  
  24  2:20  Zergling x4  
  24  2:21  Metabolic Boost  
  26  2:26  Overlord  
  26  2:30  Drone  
  26  2:33  Drone  
  28  2:40  Drone, Baneling Nest  
  28  2:49  Drone  
  29  2:53  Drone  
  29  2:58  Queen  
  32  2:59  Drone  
  33  3:07  Drone x2  
  35  3:22  Drone x6  
  35  3:23  Drone  
  35  3:25  Drone  
  43  3:33  Overlord  
  43  3:40  Pneumatized Carapace  
  43  3:57  Queen  
  43  3:58  Hatchery  
  43  4:00  Extractor, Drone x3  
  43  4:01  Zergling x2  
  43  4:02  Zergling x2  
  47  4:32  Drone  
  47  4:33  Lair  
  47  4:39  Drone  
  47  4:40  Drone x4  
  47  4:42  Overlord x4  
  53  5:14  Zergling x12  
  53  5:15  Zergling x8  
  62  5:22  Extractor  
  62  5:24  Drone x2  
  63  5:33  Zergling x4  
  65  5:36  Queen  
  65  5:37  Queen  
  65  5:38  Queen  
  65  5:41  Centrifical Hooks  
  71  5:43  Zerg Melee Weapons Level 1, Hydralisk Den  
  70  5:54  Drone x5  
  70  5:55  Drone  
  76  5:58  Overlord x3  
  76  6:00  Baneling x4  
  76  6:01  Baneling  
  76  6:06  Drone  
  77  6:13  Queen  
  79  6:24  Hatchery, Hydralisk x2  
  82  6:27  Zergling x12  
  82  6:28  Zergling x14  
  94  6:43  Zergling x2  
  94  6:44  Zergling x10  
  87  7:02  Infestation Pit, Muscular Augments  
  81  7:11  Hydralisk  
  83  7:16  Extractor, Drone x4  
  83  7:17  Drone x5  
  91  7:30  Hydralisk x3  
  97  7:48  Zergling x24  
  109  7:53  Hive  
  109  8:04  Drone x6  
  115  8:08  Hydralisk x2  
  119  8:13  Pathogen Glands  
  119  8:18  Overlord x2  
  119  8:19  Overlord x5  
  119  8:37  Overlord  
  119  8:38  Hydralisk  
  119  8:39  Hydralisk x5  
  131  8:44  Hatchery  
  130  8:53  Zerg Ground Armor Level 1  
  130  8:57  Drone x4  
  130  8:58  Extractor, Drone  
  130  8:59  Drone x11  
  145  9:05  Zergling x2  
  145  9:07  Baneling x6  
  146  9:30  Extractor  
  137  9:32  Extractor  
  137  9:36  Zergling x22  
  137  9:37  Zergling x14  
  127  10:23  Hatchery  
  127  10:26  Ultralisk Cavern  
  125  10:41  Hydralisk  
  125  10:42  Hatchery, Hydralisk x13  
  134  10:43  Hydralisk  
  134  10:45  Zergling x2  
  134  10:46  Zergling x12  
  161  10:51  Baneling  
  161  10:52  Baneling x2  
  161  11:00  Queen  
  161  11:01  Queen  
  161  11:02  Queen  
  161  11:03  Queen  
  169  11:10  Zergling x8  
  169  11:11  Zergling x22  
  184  11:14  Chitinous Plating  
  184  11:19  Extractor, Drone  
  184  11:20  Overlord x2  
  184  11:34  Baneling x10  
  184  11:36  Queen  
  186  11:50  Zerg Melee Weapons Level 2  
  172  12:14  Spire  
  171  12:19  Zergling x26  
  171  12:20  Zergling x26  
  197  12:31  Drone x3  
  200  12:46  Adrenal Glands  
  200  12:48  Baneling x8  
  200  12:49  Baneling x12  
  195  13:10  Ultralisk  
  174  13:18  Zergling x14  
  174  13:19  Zergling x20  
  149  13:39  Corruptor x2  
  149  13:40  Corruptor x4  
  139  13:46  Zergling x2  
  139  13:47  Zergling x16  
  148  13:53  Corruptor x2  
  147  14:05  Queen  
  147  14:07  Corruptor  
  147  14:08  Corruptor  
  128  14:22  Zergling x2  
  128  14:23  Zergling x24  
  120  14:27  Corruptor x2  
  121  14:34  Overseer  
  121  14:38  Zergling x14  
  128  14:50  Extractor  
  128  14:51  Drone x3  
  128  14:52  Extractor, Drone x3  
  129  15:18  Zergling x2  
  129  15:19  Zergling x28  
  129  15:31  Zergling x6  
  129  15:34  Zerg Melee Weapons Level 3  
  89  15:52  Drone  
  89  15:53  Drone x8  
  94  16:01  Drone x3  
  87  16:06  Corruptor x3  
  89  16:17  Corruptor x4  
  92  16:26  Drone x4  
  96  16:34  Corruptor, Hatchery  
  97  16:59  Hatchery  
  96  17:10  Corruptor  
  98  17:23  Hatchery  
  98  17:29  Drone x5  
  102  17:43  Corruptor  
Show
View Real Time Build Order
Export as new Build Order

stagflation Terran - Winner!

Build Orders: Command Center First (CC), Mech 

Get SALT Encoding   

  12  0:00  SCV  
  13  0:13  SCV  
  14  0:17  Supply Depot  
  14  0:25  SCV  
  15  0:39  SCV  
  16  0:51  SCV  
  17  1:03  Command Center  
  17  1:04  SCV  
  18  1:16  Barracks  
  18  1:19  SCV  
  19  1:27  Refinery  
  19  1:32  SCV  
  20  1:44  SCV  
  21  1:57  SCV  
  22  2:04  Supply Depot, Marine  
  23  2:09  Orbital Command  
  23  2:19  SCV  
  24  2:27  Marine  
  25  2:31  SCV  
  25  2:32  Factory  
  26  2:39  SCV  
  26  2:43  SCV  
  28  2:45  Marine  
  29  2:53  Command Center  
  29  2:55  SCV  
  30  3:02  Refinery  
  30  3:05  SCV  
  30  3:07  Marine  
  32  3:21  Refinery  
  32  3:24  Refinery  
  31  3:27  SCV x2, Engineering Bay  
  31  3:31  Starport  
  31  3:32  Factory Tech Lab  
  33  3:39  SCV  
  34  3:47  SCV  
  35  3:53  Siege Tank  
  38  3:57  SCV  
  38  4:00  Planetary Fortress  
  39  4:07  Supply Depot  
  37  4:31  SCV  
  37  4:33  Marine  
  39  4:41  Planetary Fortress  
  39  4:44  SCV  
  41  4:45  SCV  
  40  4:56  SCV  
  40  4:57  SCV  
  42  5:04  Supply Depot  
  42  5:08  SCV  
  42  5:10  SCV  
  44  5:20  SCV x2  
  46  5:22  SCV  
  47  5:35  Starport  
  47  5:38  Corvid Reactor, Starport  
  47  5:39  Raven  
  49  5:43  SCV x3  
  52  5:53  Refinery  
  52  5:55  SCV x2  
  54  5:57  Refinery, SCV  
  55  6:04  Marine  
  55  6:07  SCV  
  57  6:17  Missile Turret x2  
  57  6:18  Starport Tech Lab x2  
  57  6:22  SCV x2  
  59  6:33  SCV  
  59  6:34  SCV  
  57  6:44  SCV  
  57  6:45  SCV  
  57  6:46  SCV  
  55  6:59  Raven x2  
  55  7:00  Raven, Missile Turret  
  61  7:03  SCV x3  
  61  7:04  Missile Turret  
  64  7:13  Supply Depot x2  
  64  7:14  Missile Turret  
  64  7:16  SCV x3  
  64  7:17  Missile Turret  
  67  7:27  Factory  
  67  7:31  Factory  
  67  7:36  SCV x2  
  69  7:37  SCV  
  69  7:42  Building Armor, Raven x3  
  69  7:43  Factory Tech Lab  
  76  7:48  SCV  
  77  7:54  SCV x2  
  79  8:00  SCV  
  79  8:03  Supply Depot  
  79  8:05  Supply Depot  
  80  8:06  SCV  
  80  8:10  Armory  
  81  8:19  Armory  
  81  8:21  Factory Reactor  
  81  8:24  Factory Reactor  
  81  8:25  Raven x3  
  87  8:32  Infernal Pre-Igniter  
  87  8:38  Hellion  
  89  9:01  Hellion  
  89  9:02  Hellion x3  
  99  9:03  Hellion  
  99  9:07  Raven  
  99  9:08  Raven  
  103  9:10  Supply Depot  
  103  9:11  Supply Depot  
  103  9:13  Command Center  
  103  9:15  Supply Depot x2  
  103  9:16  Raven  
  90  10:10  Fusion Core  
  90  10:13  SCV x2  
  92  10:15  Terran Ship Weapons Level 1  
  92  10:16  Terran Vehicle And Ship Armor Level 1  
  92  10:17  Hellion x3  
  92  10:18  Hellion x2  
  102  10:36  Command Center  
  102  10:38  Hellion  
  102  10:39  Hellion x4  
  112  10:57  Battlecruiser x2  
  112  10:58  Battlecruiser  
  112  11:00  Weapon Refit  
  112  11:02  Supply Depot  
  130  11:10  Supply Depot  
  130  11:11  Hellion  
  132  11:12  Supply Depot x2  
  132  11:20  Supply Depot  
  132  11:24  Hellion x4  
  140  11:32  Supply Depot, Hellion  
  142  11:38  Supply Depot  
  142  11:39  Supply Depot  
  142  11:40  Supply Depot  
  142  11:45  Hellion x3  
  148  11:52  Hellion  
  148  11:54  Hellion  
  132  12:02  Battlecruiser x3  
  132  12:06  Hellion x2  
  154  12:13  Hellion x2  
  154  12:15  Hellion  
  160  12:16  Terran Ship Weapons Level 2  
  160  12:17  Terran Vehicle And Ship Armor Level 2  
  158  13:06  Battlecruiser x3  
  158  13:08  Starport  
  158  13:11  SCV x2  
  109  13:50  Hellion x4  
  109  13:51  Hellion  
  109  13:54  Command Center  
  119  14:03  Starport Tech Lab  
  116  14:10  Battlecruiser x3  
  116  14:11  Hellion x2  
  116  14:12  Hellion x3  
  122  14:27  Battlecruiser  
  128  14:33  Hellion  
  130  14:49  SCV  
  132  14:57  Orbital Command  
  126  15:14  Battlecruiser  
  131  15:34  Planetary Fortress  
  121  16:00  Supply Depot  
  117  16:20  Refinery, Missile Turret  
  117  16:22  Missile Turret  
  117  16:24  Missile Turret  
  117  16:25  Missile Turret  
  113  16:26  Refinery  
  113  16:27  Missile Turret x3  
  119  16:32  Battlecruiser  
  119  16:37  SCV  
  119  16:38  SCV  
  119  16:39  SCV  
  122  16:50  SCV  
  122  16:53  SCV x2  
  125  17:02  SCV  
  125  17:05  SCV x2  
  128  17:19  SCV x2  
  128  17:20  SCV  
  131  17:31  SCV x2  
  131  17:32  SCV  
  134  17:43  SCV  
  134  17:44  SCV x2  
Tags
 
Add a new tag
Caveats
  • Supply blocks, unpowered buildings, or Contaminate may cause inaccurate times.
  • Supply counts are checked every 10 seconds.